 Dungeon Crawl Stone Soup version 0.19-a0-1773-gaa448fe (webtiles) character file.

45 taqueso the Insei (level 3, -5/26 HPs)
             Began as a Demonspawn Transmuter on Oct 16, 2016.
             Slain by an ogre
             ... wielding a +0 giant club
              (31 damage)
             ... on level 3 of the Dungeon.
             The game lasted 00:03:49 (1948 turns).

taqueso the Insei (Demonspawn Transmuter)           Turns: 1948, Time: 00:03:49

Health: -5/26      AC:  3    Str: 10    XL:     3   Next: 42%
Magic:  6/6        EV: 12    Int: 15    God:
Gold:   40         SH:  0    Dex: 13    Spells: 1 memorised, 5 levels left

rFire  . . .     SeeInvis .       - Unarmed
rCold  . . .     Gourm    .     b - +0 robe
rNeg   . . .     Faith    .     (no shield)
rPois  .         Spirit   .     (no helmet)
rElec  .         Dismiss  .     (no cloak)
rCorr  .         Reflect  .     (no gloves)
MR     .....     Harm     .     r - +0 pair of boots
Stlth  +.........               (no amulet)
                                (no ring)
                                (no ring)

@: no status effects
A: spiny 1
a: no special abilities


You were on level 3 of the Dungeon.
You were very hungry.

You visited 1 branch of the dungeon, and saw 3 of its levels.

You collected 40 gold pieces.

Inventory:

Hand Weapons
 h - a +0 dagger
   (You took it off a goblin on level 1 of the Dungeon)
Missiles
 a - 12 arrows
 g - 46 stones (quivered)
Armour
 b - a +0 robe (worn)
 r - a +0 pair of boots (worn)
   (You found it on level 2 of the Dungeon)
Scrolls
 f - a scroll of amnesia {unknown}
 j - a scroll of magic mapping {unknown}
 k - 2 scrolls of remove curse {unknown}
 l - a scroll of identify {unknown}
 n - a scroll of enchant weapon {unknown}
 o - a scroll of teleportation {unknown}
Potions
 e - a potion of curing {unknown}
 p - a potion of might {unknown}
 q - a potion of degeneration {unknown}
Books
 c - a book of Changes
Comestibles
 d - 2 bread rations {@e1}
 i - 2 meat rations {@e2}
 m - 4 fruits


   Skills:
 - Level 1.0 Fighting
 - Level 1.7 Dodging
 * Level 3.6 Unarmed Combat
 - Level 2.0 Spellcasting
 + Level 2.4 Transmutations


You had 5 spell levels left.
You knew the following spells:

 Your Spells              Type           Power        Failure   Level  Hunger
A - Beastly Appendage     Tmut           #.....       12%         1    #......


Dungeon Overview and Level Annotations

Branches:
Dungeon (3/15)

Altars:


Innate Abilities, Weirdness & Mutations

You are partially covered in sharp spines.


Message History

Moving in this stuff is going to be slow.
All of the chunks of flesh in your inventory have rotted away.
You are feeling hungry.
You enter the shallow water.
Moving in this stuff is going to be slow.
You see here a hand axe.
You see here a dagger.
You see here a dagger.
The rat completely misses something.
The rat completely misses the bush.
The rat bites something but does no damage.
The rat bites the bush but does no damage.
The rat twitches its whiskers.
The rat bites the bush but does no damage. x2
The rat bites the plant.
The rat bites the bush but does no damage.
The rat bites the plant but does no damage.
The rat bites the bush.
Partly explored, can't reach some places.
The rat bites the plant but does no damage.
The rat bites the bush but does no damage.
The rat bites the plant but does no damage.
The rat bites the bush but does no damage.
The rat bites the plant.
The rat bites the bush but does no damage.
The rat bites the plant but does no damage.
The rat bites the bush but does no damage.
The rat bites the plant but does no damage.
The rat bites the bush but does no damage.
Something bites the plant but does no damage.
Something bites the bush but does no damage.
You see here a dagger.
You see here a dagger.
You see here a hand axe.
You are feeling very hungry.
You can't go down here!
There is a stone staircase leading down here.
You climb downwards.
A frilled lizard and a rat come into view.
There is a stone staircase leading up here.
You closely miss the rat. You closely miss the rat.
The rat bites you but does no damage.
You barely miss the rat. The rat is struck by your spines.
You kill the rat!
You throw a stone. The stone misses the frilled lizard.
You throw a stone.
The stone barely misses the frilled lizard.
You closely miss the frilled lizard.
The frilled lizard is struck by your spines.
You kill the frilled lizard!
No target in view!
No target in view!
No target in view!
g - 49 stones (gained 1)
g - 50 stones (gained 1)
m - 4 fruits
i - 2 meat rations {@e2} (gained 1)
An orc and an orc wizard come into view.
The orc shouts!
The orc wizard shouts!
An orc comes into view. It is wielding a dagger.
The orc shouts!
There is a stone staircase leading up here.
You climb upwards.
There is a stone staircase leading down here.
A hobgoblin comes into view. It is wielding a club.
You throw a stone. The stone closely misses the hobgoblin.
You throw a stone.
The stone completely misses the hobgoblin.
You throw a stone. The stone closely misses the hobgoblin.
You throw a stone. The stone hits the hobgoblin.
You barely miss the hobgoblin.
The hobgoblin hits you but does no damage.
You closely miss the hobgoblin. The hobgoblin is struck by your spines.
The hobgoblin hits you with a club.
You take 2 damage, and have 24/26 hp.
You barely miss the hobgoblin. You hit the hobgoblin.
You kill the hobgoblin!
No target in view!
Unknown command.
You see here a club.
g - 47 stones (gained 1)
g - 48 stones (gained 1)
g - 49 stones (gained 1)
There is a stone staircase leading down here.
Health restored: 26 You climb downwards.
An ogre comes into view. It is wielding a giant club.
The ogre shouts!
There is a stone staircase leading up here.
You throw a stone. The stone hits the ogre.
You throw a stone.
The stone hits the ogre but does no damage.
A jackal comes into view.
You throw a stone. The stone barely misses the ogre.
The jackal barks!
You hit the ogre but do no damage. The ogre is struck by your spines.
The ogre hits you with a giant club!!
Ouch! That really hurt!
You die...

.<..... ....
....... ...#
.h.... .....
.##.... .....
....(.. ......
.##..(.##.....#
....(.O........
.......@.......
.......##.....#
....... .....
.###.#. ...#
#.#. ... . ..
.. # ## .


You could see an ogre and a jackal.

Vanquished Creatures
  A dart slug (D:2)
  A leopard gecko (D:1)
  A ball python (D:2)
  2 giant cockroaches (D:2)
  4 hobgoblins
  3 jackals (D:1)
  5 bats
  4 frilled lizards
  5 goblins
  8 kobolds
  6 rats
40 creatures vanquished.

Notes
Turn   | Place    | Note
-------+----------+-------------------------------------------
     0 | D:1      | taqueso the Demonspawn Transmuter began the quest for the Orb.
     0 | D:1      | Reached XP level 1. HP: 15/15 MP: 3/3
   144 | D:1      | Reached skill level 2 in Transmutations
   183 | D:1      | Reached skill level 3 in Unarmed Combat
   184 | D:1      | Gained mutation: You are partially covered in sharp spines. [demonic ancestry]
   184 | D:1      | Reached XP level 2. HP: 17/21 MP: 5/5
   967 | D:2      | Reached XP level 3. HP: 15/26 MP: 6/6
  1414 | D:2      | Found a faded altar of an unknown god.
  1944 | D:3      | Noticed an ogre
  1948 | D:3      | Slain by an ogre

Vault maps used:
D:1:      dpeg_arrival_shrine
D:2:      serial_bayou, serial_bayou_pond_b, serial_bayou_pond_a,
          serial_bayou_shore_a, serial_bayou_lake_a, ecumenical_altar_1,
          lexackson_kobold_supper
D:3:      serial_forest, infiniplex_forest_straight_5,
          infiniplex_forest_lined_3, infiniplex_forest_side_room,
          infiniplex_forest_end_2, infiniplex_forest_pool,
          infiniplex_forest_lined_3, infiniplex_forest_lined_3_way,
          hangedman_decor_peaks_small

Skill      XL: |  1 |
---------------+----+-----
Transmutations | 2 |  2.4
Unarmed Combat | 3 |  3.6
Fighting       | |  1.0
Dodging        | |  1.7
Spellcasting   | |  2.0

Action                   || total
-------------------------++-------
Melee: Unarmed           ||    80
Throw: Stone             ||    73
 Cast: Beastly Appendage ||     2
  Eat: Chunk             ||     2
Armor: Robe              ||    12
Dodge: Dodged            ||    38

Vault maps used:
D:1:      dpeg_arrival_shrine
D:2:      serial_bayou, serial_bayou_pond_b, serial_bayou_pond_a,
          serial_bayou_shore_a, serial_bayou_lake_a, ecumenical_altar_1,
          lexackson_kobold_supper
D:3:      serial_forest, infiniplex_forest_straight_5,
          infiniplex_forest_lined_3, infiniplex_forest_side_room,
          infiniplex_forest_end_2, infiniplex_forest_pool,
          infiniplex_forest_lined_3, infiniplex_forest_lined_3_way,
          hangedman_decor_peaks_small

Table legend:
 A = Turns spent in this place as a percentage of turns spent in the entire game.
 B = Non-inter-level travel turns spent in this place as a percentage of non-inter-level travel turns spent in the entire game.
 C = Inter-level travel turns spent in this place as a percentage of turns spent in this place.
 D = Turns resting spent in this place as a percentage of non-inter-level travel turns spent in this place.
 E = Turns spent auto-exploring this place as a percentage of non-inter-level travel turns spent in this place.
 F = Non-inter-level travel turns spent in this place divided by the number of levels of this place that you've seen.
                   A       B       C       D       E      F
               +-------+-------+-------+-------+-------+----------------------
         Total | 100.0 | 100.0 |   1.0 |   1.6 |  11.6 | 129.0
       Dungeon | 100.0 | 100.0 |   1.0 |   1.6 |  11.6 | 129.0
               +-------+-------+-------+-------+-------+----------------------

Table legend:
 A = Kills in this place as a percentage of kills in entire the game.
 B = Kills by you in this place as a percentage of kills by you in the entire game.
 C = Kills by friends in this place as a percentage of kills by friends in the entire game.
 D = Other kills in this place as a percentage of other kills in the entire game.
 E = Experience gained in this place as a percentage of experience gained in the entire game.
 F = Experience gained in this place divided by the number of levels of this place that you have seen.
                   A       B       C       D       E      F
               +-------+-------+-------+-------+-------+----------------------
         Total | 100.0 | 100.0 |  -nan |  -nan | 100.0 |  21.7
       Dungeon | 100.0 | 100.0 |  -nan |  -nan | 100.0 |  21.7
               +-------+-------+-------+-------+-------+----------------------
